 Dungeon Crawl Stone Soup version 0.19-a0-944-gb338e1e (webtiles) character file.

650 Gagarin the Firebug (level 7, -2/53 HPs)
             Began as a Yellow Draconian Fire Elementalist on July 9, 2016.
             Slain by Duvessa
             ... wielding a +0 rapier
              (16 damage)
             ... on level 4 of the Dungeon.
             The game lasted 00:17:27 (4079 turns).

Gagarin the Firebug (DrFE)                          Turns: 4079, Time: 00:17:28

Health: -2/53      AC:  7    Str: 10    XL:     7   Next: 28%
Magic:  4/13       EV: 13    Int: 18    God:
Gold:   187        SH:  0    Dex: 11    Spells: 3 memorised, 6 levels left

rFire  . . .     SeeInvis .     x - +0 trident
rCold  . . .     Gourm    .     (armour unavailable)
rNeg   . . .     Faith    .     (no shield)
rPois  .         Spirit   .     (helmet restricted)
rElec  .         Dismiss  .     (no cloak)
rCorr  +         Reflect  .     w - +0 pair of gloves
SustAt .         Harm     .     (no boots)
MR     .....                    (no amulet)
Stlth  +.........               (no ring)
                                (no ring)

@: very slightly contaminated, glowing, not resistant to hostile enchantments,
very unstealthy
A: spit acid, acid resistance, unfitting armour, cold-blooded, AC +6
a: Spit Acid


You were on level 4 of the Dungeon.
You were near starving.

You visited 1 branch of the dungeon, and saw 4 of its levels.

You collected 187 gold pieces.

Inventory:

Hand Weapons
 x - a +0 trident (weapon)
Missiles
 u - 25 arrows
 v - 9 bolts
Armour
 w - a +0 pair of gloves (worn)
Jewellery
 h - an uncursed ring of resist corrosion {unknown}
 C - an uncursed ring of stealth {unknown}
Scrolls
 e - a scroll of fear {unknown}
 k - a scroll of enchant armour {unknown}
 l - a scroll of magic mapping
 n - a scroll of noise {unknown}
 o - a scroll of recharging {unknown}
 p - 2 scrolls of remove curse {unknown}
 t - 3 scrolls of identify {unknown}
 y - a scroll of enchant weapon {unknown}
Potions
 d - a potion of haste {unknown}
 f - a potion of cancellation {unknown}
 g - 2 potions of curing {unknown}
 i - a potion of brilliance
 j - a potion of heal wounds {unknown}
 r - a potion of might {unknown}
 s - a potion of flight {unknown}
 z - a potion of agility {unknown}
 B - a potion of berserk rage {unknown}
Books
 a - a book of Flames

   Spells                             Type                      Level
   a - Flame Tongue                   Conjuration/Fire             1
   b - Throw Flame                    Conjuration/Fire             2
   c - Conjure Flame                  Conjuration/Fire             3
   d - Inner Flame                    Hexes/Fire                   3
   e - Sticky Flame                   Conjuration/Fire             4
   f - Fireball                       Conjuration/Fire             5
Comestibles
 b - 6 bread rations
 c - a slice of pizza
 m - 3 fruits
 q - 2 chunks of flesh
 A - a meat ration


   Skills:
 + Level 1.8 Fighting
 + Level 1.0 Polearms
 + Level 3.3 Dodging
 + Level 2.6 Stealth
 + Level 4.1 Spellcasting
 + Level 3.5 Conjurations
 + Level 4.7 Fire Magic


You had 6 spell levels left.
You knew the following spells:

 Your Spells              Type           Power        Failure   Level  Hunger
a - Flame Tongue          Conj/Fire      ###..        2%          1    None
b - Conjure Flame         Conj/Fire      ###.....     10%         3    ###....
c - Sticky Flame          Conj/Fire      ###.....     28%         4    ####...


Dungeon Overview and Level Annotations

Branches:
Dungeon (4/15)
 Temple: D:4-7

Altars:
Okawaru
Trog
Xom
Zin

Shops:
D:2 *

Annotations:
D:4 Duvessa


Innate Abilities, Weirdness & Mutations

You can spit globs of acid.
You are resistant to acid.
Your golden yellow scales are hard. (AC +6)
Your body does not fit into most forms of armour.
You are cold-blooded and may be slowed by cold attacks.


Message History

Dowan burns!
Dowan burns!
You kill Dowan!
Duvessa screams in rage.
Duvessa goes berserk!
Duvessa rages.
Okay, then.
Duvessa hits you but does no damage. Duvessa hits you with a rapier!
Duvessa barely misses you. Duvessa hits you with a rapier.
Duvessa hits you with a rapier! Duvessa hits you with a rapier.
Duvessa hits you with a rapier!
* * * LOW HITPOINT WARNING * * *
Okay, then.
As you read the scroll labeled UJYLON JIDIDO, it crumbles to dust.
You feel aware of your surroundings.
You sensed 1 altar.
It was a scroll of magic mapping.
Duvessa hits you with a rapier!
You die...

# ##..........## ##....... #
##...........## ###........ #
##.............# ##.......... #
##..............###........... #
#................#...........#
####...................(.########
........................##
......................###
.####...........@e...## .#
##...............# ##
##..............#
##.............# ##...<.......##
##.........## ##.......##
###.....## ##.....#


You could see Duvessa (berserk).

Vanquished Creatures
  Grinder (D:4)
  An ogre (D:4)
  Dowan (D:4)
  A hound (D:4)
  An iguana (D:4)
  3 orc wizards (D:3)
  A worker ant (D:4)
  9 adders
  A howler monkey skeleton (D:4)
  An adder skeleton (D:4)
  A worm (D:3)
  A dart slug (D:1)
  5 giant geckos
  7 orcs (D:3)
  6 giant cockroaches
  4 goblins
  9 hobgoblins
  4 jackals (D:4)
  2 quokkas (D:3)
  9 bats
  2 giant newts (D:1)
  8 kobolds
  8 rats
86 creatures vanquished.

Notes
Turn   | Place    | Note
-------+----------+-------------------------------------------
     0 | D:1      | Gagarin the Draconian Fire Elementalist began the quest for the Orb.
     0 | D:1      | Reached XP level 1. HP: 14/14 MP: 3/3
   287 | D:1      | Reached XP level 2. HP: 20/20 MP: 1/5
  1106 | D:1      | Reached XP level 3. HP: 26/26 MP: 4/6
  1111 | D:1      | Learned a level 3 spell: Conjure Flame
  1147 | D:2      | Found Zin's Purification Station.
  1150 | D:2      | Found a glowing silver altar of Zin.
  1192 | D:2      | Found a bloodstained altar of Trog.
  1192 | D:2      | Found a shimmering altar of Xom.
  1464 | D:2      | Reached XP level 4. HP: 13/33 MP: 0/8
  2361 | D:3      | Reached XP level 5. HP: 31/38 MP: 0/9
  3363 | D:4      | Noticed an ogre
  3375 | D:4      | Killed an ogre
  3375 | D:4      | Reached skill level 1 in Fighting
  3375 | D:4      | Reached XP level 6. HP: 46/47 MP: 2/11
  3643 | D:4      | Learned a level 4 spell: Sticky Flame
  3742 | D:4      | Found an iron altar of Okawaru.
  3783 | D:4      | Noticed Grinder
  3847 | D:4      | Paralysed by Grinder for 2 turns
  3931 | D:4      | Killed Grinder
  3931 | D:4      | Your scales start taking on a golden yellow colour.
  3931 | D:4      | Reached XP level 7. HP: 36/53 MP: 2/13
  4005 | D:4      | Reached skill level 1 in Polearms
  4053 | D:4      | Noticed Dowan
  4055 | D:4      | Noticed Duvessa
  4060 | D:4      | Killed Dowan
  4079 | D:4      | Slain by Duvessa

Vault maps used:
D:1:      matt_arrival_refuge, grunt_decor_mini_mirrors
D:2:      zin_purify, gammafunk_temple_overflow_wave
D:3:      lemuel_upstairs_altar
D:4:      old_standard_altar, kennysheep_mini, enter_ossuary_2, uniq_duvessa,
          uniq_grinder

Skill      XL: |  1  2  3  4  5  6  7 |
---------------+----------------------+-----
Dodging        | 2 3 |  3.3
Stealth        | 2 |  2.6
Spellcasting   | 3 4 |  4.1
Conjurations   | 2 3 |  3.5
Fire Magic     | 4 |  4.7
Fighting       | 1 |  1.8
Polearms       | 1 |  1.0

Action                   |  1- 3 |  4- 6 |  7- 9 || total
-------------------------+-------+-------+-------++-------
Melee: Unarmed           |    21 |    24 |       ||    45
       Tailslap          |     3 |     5 |     1 ||     9
       Trident           |       |    50 |     3 ||    53
 Cast: Flame Tongue      |    65 |   109 |     2 ||   176
       Conjure Flame     |       |     7 |       ||     7
       Sticky Flame      |       |     1 |     1 ||     2
  Use: Potion            |       |     2 |       ||     2
       Scroll            |       |       |     1 ||     1
  Eat: Chunk             |     2 |     9 |       ||    11
Armor: Skin              |    28 |    38 |     2 ||    68
Dodge: Dodged            |    52 |    64 |     4 ||   120
